 Dungeon Crawl Stone Soup version 0.29.1-15-g9cfb28693d (webtiles) character file.

Game seed: 2384200962757598570

26 AleXD21137 the Trooper (level 3, 0/33 HPs)
             Began as a Ghoul Monk on Mar 22, 2023.
             Was an Initiate of Gozag.
             Slain by a goblin
             ... wielding a +0 club
             ... led by Robin
              (1 damage)
             ... on level 2 of the Dungeon on Apr 11, 2023.
             The game lasted 00:06:29 (1009 turns).

AleXD21137 the Trooper (Ghoul Monk)                 Turns: 1009, Time: 00:06:30

Health: 0/33       AC:  3    Str: 14    XL:     3   Next: 8%
Magic:  2/2        EV: 12    Int:  7    God:    Gozag
Gold:   34         SH:  0    Dex: 11    Spells: 2/2 levels left

rFire   . . .      SeeInvis .   e - +2 dagger (speed)
rCold   + . .      Faith    .   (no shield)
rNeg    + + +      Spirit   .   a - +0 robe
rPois   ∞          Reflect  .   g - +0 helmet
rElec   .          Harm     .   (no cloak)
rCorr   .          Rampage  .   (no gloves)
Will    .....                   (no boots)
Stlth   ++........              (no amulet)
HPRegen 0.00/turn               (no ring)
MPRegen 0.08/turn               (no ring)

@: gold aura, attractive, inhibited regen
A: claws 1, cold resistance 1, negative energy resistance 3, inhibited
regeneration, torment resistance 2, devour on kill
a: Renounce Religion, Potion Petition, Call Merchant, Bribe Branch


You were on level 2 of the Dungeon.
You worshipped Gozag.
Gozag was noncommittal.
You visited 1 branch of the dungeon, and saw 2 of its levels.

You collected 34 gold pieces.

Inventory:

Hand Weapons
 e - a +2 dagger of speed (weapon)
Armour
 a - a +0 robe (worn)
 g - a +0 helmet (worn)


   Skills:
 + Level 3.8 Fighting
 + Level 0.1 Short Blades
 + Level 3.0 Dodging
 + Level 2.4 Stealth
 + Level 3.6 Unarmed Combat


You had 2 spell levels left.
You didn't know any spells.
Your spell library was empty.

Dungeon Overview and Level Annotations

Branches:
Dungeon (2/15)

Altars:
Gozag

Annotations:
D:2 Natasha, Robin


Innate Abilities, Weirdness & Mutations

You are immune to poison.
You have sharp fingernails.
Your flesh is cold resistant. (rC+)
You are immune to negative energy. (rN+++)
You do not regenerate when monsters are visible.
You are immune to unholy pain and torment.
You thrive by killing the living.


Message History

* * * LOW HITPOINT WARNING * * *
A kobold comes into view. It is wielding a +0 short sword.
The endoplasm closely misses you.
The hobgoblin cries, "Oh dear!
Oh dear!"
The goblin misses you. Robin hits you but does no damage.
The ball python is attracted toward you.
The goblin is attracted toward you. x2; The hobgoblin is attracted toward you.
The goblin is attracted toward you. Natasha is attracted toward you.
The kobold is attracted toward you. The goblin attacks as you move away!
The goblin hits you with a +0 club.
* * * LOW HITPOINT WARNING * * *
Robin is distracted by your dazzling golden aura.
The goblin hits you with a +0 club.
* * * LOW HITPOINT WARNING * * *
The goblin is attracted toward you. Robin is attracted toward you.
The ball python is attracted toward you.
The goblin is attracted toward you. x2; The kobold is attracted toward you.
The hobgoblin is attracted toward you. Natasha is attracted toward you.
The goblin is attracted toward you.
Things that are here:
8 gold pieces; a +0 dagger Robin shouts!
Natasha hisses angrily.
You hit the goblin.
The goblin is moderately wounded.
The bat is distracted by your dazzling golden aura.
The goblin misses you. The goblin completely misses you.
The endoplasm is distracted by your dazzling golden aura.
The goblin is attracted toward you. x2; Natasha is attracted toward you.
The hobgoblin is attracted toward you. The goblin is attracted toward you.
You barely miss the goblin.
The goblin is moderately wounded.
The endoplasm quivers.
Natasha is distracted by your dazzling golden aura.
The ball python is attracted toward you.
You hit the goblin.
You kill the goblin!
Natasha is no longer distracted by gold.
The goblin hits you with a +0 club.
You die...
Your body crumbles into a pile of gold.

....§.....#.#
............# ... ...
............ ##.##..
.....§.....# ###.....#
.......§...##....g...#
.....g§Sb.....# .?..#
.......KgJ..#####..#
.......@$g§..[.##§# #
....[..ggg......<§# ..
........hg§§§...).# ..#
.........§§g§§....##..#
......##.............#
#...........§.....####
.##...##..........###
##...................
#.#..............####


You could see Robin, Natasha, an endoplasm, a hobgoblin (fleeing), 6 goblins, a
bat, a ball python (fleeing) and a kobold.

Vanquished Creatures
  An adder (D:2)
  A worm (D:2)
  A ball python (D:1)
  2 endoplasms
  2 giant cockroaches
  3 goblins (D:2)
  A hobgoblin (D:2)
  A bat (D:1)
  A frilled lizard (D:2)
  2 kobolds (D:1)
15 creatures vanquished.

Notes
Turn   | Place    | Note
-------+----------+-------------------------------------------
     0 | D:1      | AleXD21137 the Ghoul Monk began the quest for the Orb.
     0 | D:1      | Reached XP level 1. HP: 19/19 MP: 0/0
    17 | D:2      | Noticed Natasha
   714 | D:1      | Found a faded altar of an unknown god.
   719 | D:1      | Prayed at the altar of an unknown god.
   719 | D:1      | Became a worshipper of Gozag Ym Sagoz the Greedy
   723 | D:1      | You fall into a shaft and drop 1 floor!
   752 | D:2      | Reached XP level 2. HP: 20/26 MP: 1/1
   973 | D:2      | Noticed Robin
   986 | D:2      | Reached XP level 3. HP: 15/33 MP: 2/2
  1006 | D:2      | HP: 1/33 [goblin/+0 club[Robin] (3)]
  1009 | D:2      | Slain by a goblin

Illustrated notes

Levels and vault maps discovered:
D:1:      lemuel_arrival_river_bridge, layout_rooms,
          hellmonk_ecumenical_altar_leap_of_faith, kennysheep_doodads
D:2:      layout_rooms, uniq_robin, uniq_natasha

Skill      XL: |  1  2 |
---------------+-------+-----
Dodging        | 3 |  3.0
Fighting       | |  3.8
Short Blades   | |  0.1
Stealth        | |  2.4
Unarmed Combat | |  3.6

Action                   || total
-------------------------++-------
Melee: Unarmed           ||    19
       Dagger            ||    39
       Punch             ||     1
  Use: Potion            ||     3
       Scroll            ||     2
 Stab: Sleeping          ||     2
Armor: Robe              ||    21
Dodge: Dodged            ||    50
